 Dungeon Crawl Stone Soup version 0.25-a0-294-gea9b1ad378 (webtiles) character file.

Game seed: 10274115068344083948, levelgen mode: deterministic

79 Roikka the Vexing (level 4, 0/34 HPs)
             Began as a Gnoll Arcane Marksman on Dec 19, 2019.
             Slain by an orc
             ... wielding a +0 trident
              (1 damage)
             ... on level 3 of the Dungeon.
             The game lasted 00:05:37 (2560 turns).

Roikka the Vexing (Gnoll Arcane Marksman)           Turns: 2560, Time: 00:05:38

Health: 0/34       AC:  2    Str: 13    XL:     4   Next: 37%
Magic:  8/8        EV: 15    Int: 15    God:
Gold:   92         SH:  0    Dex: 16    Spells: 3/9 levels left

rFire    . . .     SeeInvis .   a - +0 shortbow
rCold    . . .     Gourm    .   (shield currently unavailable)
rNeg     . . .     Faith    .   n - +0 robe (curse)
rPois    .         Spirit   .   (no helmet)
rElec    .         Reflect  .   (no cloak)
rCorr    .         Harm     .   (no gloves)
MR       .....                  (no boots)
Stlth    ++........             (no amulet)
HPRegen  0.11/turn              (no ring)
MPRegen  0.11/turn              (no ring)

@: no status effects
A: distributed training, fangs 1, strong nose
a: no special abilities


You were on level 3 of the Dungeon.
You were hungry.

You visited 1 branch of the dungeon, and saw 3 of its levels.

You collected 92 gold pieces.

Inventory:

Hand Weapons
 a - a +0 shortbow (weapon)
 b - a +0 club
Missiles
 d - 21 arrows (quivered)
Armour
 n - a cursed +0 robe (worn)
Jewellery
 m - an uncursed amulet of faith {unknown}
Scrolls
 c - 2 scrolls of magic mapping
 e - 2 scrolls of blinking {unknown}
 g - a scroll of fog {unknown}
 h - 2 scrolls of amnesia {unknown}
 o - a scroll of random uselessness {unknown}
 q - a scroll of enchant armour {unknown}
 r - a scroll of immolation {unknown}
 s - 2 scrolls of enchant weapon {unknown}
 t - a scroll of identify {unknown}
 u - a scroll of remove curse {unknown}
Potions
 i - 4 potions of curing {unknown}
 j - a potion of cancellation {unknown}
 k - a potion of might {unknown}
 l - a potion of heal wounds {unknown}
 p - a potion of brilliance {unknown}
 v - 2 potions of mutation {unknown}
 w - a potion of ambrosia {unknown}
Comestibles
 f - 6 rations
 x - 2 chunks of flesh


   Skills:
 + Level 2.7 Fighting
 + Level 1.1 Short Blades
 + Level 1.1 Long Blades
 + Level 1.1 Axes
 + Level 1.1 Maces & Flails
 + Level 1.1 Polearms
 + Level 1.1 Staves
 + Level 1.1 Slings
 + Level 4.6 Bows
 + Level 1.1 Crossbows
 + Level 1.1 Throwing
 + Level 1.1 Armour
 + Level 4.6 Dodging
 + Level 1.1 Stealth
 + Level 1.1 Shields
 + Level 1.1 Unarmed Combat
 + Level 3.0 Spellcasting
 + Level 0.8 Conjurations
 + Level 5.4 Hexes
 + Level 0.8 Charms
 + Level 0.8 Summonings
 + Level 0.8 Necromancy
 + Level 0.8 Translocations
 + Level 0.8 Transmutations
 + Level 0.8 Fire Magic
 + Level 0.8 Ice Magic
 + Level 0.8 Air Magic
 + Level 0.8 Earth Magic
 + Level 0.8 Poison Magic
 + Level 1.2 Invocations
 + Level 1.1 Evocations


You had 3 spell levels left.
You knew the following spells:

 Your Spells              Type           Power        Failure   Level  Hunger
a - Corona                Hex            ###....      2%          1    #......
b - Slow                  Hex            ###.....     3%          2    ##.....
c - Portal Projectile     Hex/Tloc       ##....       16%         3    ###....

Your spell library contained the following spells:

 Spells                   Type           Power        Failure   Level  Hunger
 Inner Flame              Hex/Fire       ##......     16%         3    ###....
 Cause Fear               Hex            ###.......   22%         4    #####..
 Leda's Liquefaction      Hex/Erth       ##........   47%         4    #####..


Dungeon Overview and Level Annotations

Branches:
Dungeon (3/15)

Altars:


Innate Abilities, Weirdness & Mutations

Your experience applies equally to all skills.
You have very sharp teeth.
Your uncanny sense of smell can sniff out nearby items.


Message History

You hit the orc.
The orc is almost dead.
The orc misses you. x2
You hit the orc.
You kill the orc!
The orc closely misses you. The orc closely misses you.
You barely miss the orc. The orc hits you with a +0 trident.
* * * LOW HITPOINT WARNING * * *
You closely miss the orc. The orc barely misses you.
You hit the orc but do no damage. The orc barely misses you.
You closely miss the orc. The orc hits you with a +0 trident.
* * * LOW HITPOINT WARNING * * *
You hit the orc.
The orc is moderately wounded.
The orc hits you with a +0 trident!
* * * LOW HITPOINT WARNING * * *
a - a +0 shortbow (weapon)
The orc hits you with a +0 trident.
You die...

#.# ## #.####### ..
### #.......# . ..#
#.).....# #. #.#
#.......# #.#.####.#
#.........
#...)##.###.......##
∆ #.##.##........#
#oo@...........#
####.##...######
........###.##
######### #.# #.#
#+#


You could see 2 orcs.

Vanquished Creatures
  2 adders
  3 worms
  A dart slug (D:1)
  A leopard gecko (D:2)
  2 orcs (D:3)
  4 ball pythons
  5 bats
  A giant cockroach (D:2)
  5 goblins
  7 hobgoblins
  3 kobolds
  A quokka (D:2)
  A frilled lizard (D:1)
  12 rats
48 creatures vanquished.

Notes
Turn   | Place    | Note
-------+----------+-------------------------------------------
     0 | D:1      | Roikka the Gnoll Arcane Marksman began the quest for the
                  | Orb.
     0 | D:1      | Reached XP level 1. HP: 17/17 MP: 4/4
   237 | D:1      | Reached XP level 2. HP: 17/23 MP: 5/5
   804 | D:2      | Reached XP level 3. HP: 17/28 MP: 7/7
  1505 | D:2      | Reached skill level 1 in Invocations
  1941 | D:2      | Reached skill level 1 in Short Blades
  1941 | D:2      | Reached skill level 1 in Long Blades
  1941 | D:2      | Reached skill level 1 in Axes
  1941 | D:2      | Reached skill level 1 in Maces & Flails
  1941 | D:2      | Reached skill level 1 in Polearms
  1941 | D:2      | Reached skill level 1 in Staves
  1941 | D:2      | Reached skill level 1 in Slings
  1941 | D:2      | Reached skill level 1 in Crossbows
  1941 | D:2      | Reached skill level 1 in Throwing
  1941 | D:2      | Reached skill level 1 in Armour
  1941 | D:2      | Reached skill level 1 in Stealth
  1941 | D:2      | Reached skill level 1 in Shields
  1941 | D:2      | Reached skill level 1 in Unarmed Combat
  1941 | D:2      | Reached skill level 1 in Evocations
  2019 | D:2      | Reached XP level 4. HP: 34/34 MP: 8/8
  2196 | D:3      | Learned a level 2 spell: Slow
  2200 | D:3      | Learned a level 3 spell: Portal Projectile
  2559 | D:3      | HP: 1/34 [orc/+0 trident (7)]
  2560 | D:3      | Slain by an orc

Levels and vault maps discovered:
D:1:      grunt_arrival_crossed_arrows, layout_rooms
D:2:      layout_basic, minmay_tall_x
D:3:      layout_loops_corners, first_ration, led_sif_pool

Skill      XL: |  1  2  3  4 |
---------------+-------------+-----
Invocations    | 1 |  1.2
Short Blades   | 1 |  1.1
Long Blades    | 1 |  1.1
Axes           | 1 |  1.1
Maces & Flails | 1 |  1.1
Polearms       | 1 |  1.1
Staves         | 1 |  1.1
Slings         | 1 |  1.1
Crossbows      | 1 |  1.1
Throwing       | 1 |  1.1
Armour         | 1 |  1.1
Stealth        | 1 |  1.1
Shields        | 1 |  1.1
Unarmed Combat | 1 |  1.1
Evocations     | 1 |  1.1
Spellcasting   | 3 |  3.0
Fighting       | |  2.7
Bows           | |  4.6
Dodging        | |  4.6
Conjurations   | |  0.8
Hexes          | |  5.4
Charms         | |  0.8
Summonings     | |  0.8
Necromancy     | |  0.8
Translocations | |  0.8
Transmutations | |  0.8
Fire Magic     | |  0.8
Ice Magic      | |  0.8
Air Magic      | |  0.8
Earth Magic    | |  0.8
Poison Magic   | |  0.8

Action                   |  1- 3 |  4- 6 || total
-------------------------+-------+-------++-------
Melee: Unarmed           |    40 |       ||    40
       Bite              |    19 |     6 ||    25
       Club              |   108 |    34 ||   142
       Punch             |       |     1 ||     1
 Fire: Shortbow          |    39 |     4 ||    43
 Cast: Corona            |     3 |       ||     3
       Slow              |       |     2 ||     2
  Use: Scroll            |     1 |       ||     1
 Stab: Sleeping          |     2 |       ||     2
  Eat: Chunk             |     4 |     1 ||     5
Armor: Robe              |    13 |     4 ||    17
Dodge: Dodged            |   121 |    26 ||   147

Table legend:
 A = Non-vault XP
 B = Vault XP
 C = Vault XP percentage of total XP
 D = Non-vault monster count
 E = Vault monster count
 F = Vault count percentage of total count
                 A         B        C        D         E       F
            +---------+---------+-------+---------+---------+-------
      Total |     108 |       5 |   4.4 |      44 |       4 |   8.3
            +---------+---------+-------+---------+---------+-------
        D:1 |      26 |       0 |   0.0 |      16 |       0 |   0.0
        D:2 |      56 |       5 |   8.2 |      23 |       4 |  14.8
        D:3 |      26 |       0 |   0.0 |       5 |       0 |   0.0
            +---------+---------+-------+---------+---------+-------
